 Dungeon Crawl Stone Soup version 0.27-a0-1147-gb3d8e82157 (webtiles) character file.

Game seed: 14877812288615434668

492 HoaS the Twirler (level 7, 0/40 HPs)
             Began as a Gargoyle Gladiator on May 11, 2021.
             Slain by Pikel
             ... wielding a +0 whip of freezing
              (2 damage)
             ... on level 4 of the Dungeon.
             The game lasted 00:10:20 (3798 turns).

HoaS the Twirler (Gargoyle Gladiator)               Turns: 3798, Time: 00:10:21

Health: 0/40       AC: 15    Str: 19    XL:     7   Next: 14%
Magic:  0/7        EV: 10    Int:  9    God:
Gold:   230        SH:  0    Dex: 11    Spells: 6/6 levels left

rFire    . . .     SeeInvis .   a - +1 quarterstaff
rCold    . . .     Faith    .   (shield currently unavailable)
rNeg     + . .     Spirit   +   j - +0 scale mail
rPois    ∞         Reflect  .   c - +0 helmet
rElec    +         Harm     .   (no cloak)
rCorr    .         Rampage  .   h - +2 pair of gloves
Will     .....                  b - +0 pair of boots
Stlth    ..........             n - amulet of guardian spirit
HPRegen  0.13/turn              (no ring)
MPRegen  0.10/turn              (no ring)

@: mighty
A: sickness immunity, AC +4, negative energy resistance 1, electricity
resistance, torment resistance 1, petrification resistance
a: no special abilities


You were on level 4 of the Dungeon.
You visited 1 branch of the dungeon, and saw 5 of its levels.

You collected 230 gold pieces.

Inventory:

Hand Weapons
 a - a +1 quarterstaff (weapon)
Missiles
 d - a throwing net (quivered)
 q - 14 arrows
Armour
 b - a +0 pair of boots (worn)
 c - a +0 helmet (worn)
 h - a +2 pair of gloves (worn)
 j - a +0 scale mail (worn)
Jewellery
 n - an amulet of guardian spirit (around neck)
Wands
 o - a wand of mindburst (8)
Scrolls
 i - a scroll of magic mapping
 k - 2 scrolls of summoning
Potions
 f - 2 potions of heal wounds
 l - a potion of lignification {unknown}
 m - a potion of degeneration {unknown}


   Skills:
 - Level 2.1 Fighting
 + Level 7.9 Staves
 - Level 1.7 Throwing
 - Level 2.4 Dodging


You had 6 spell levels left.
You didn't know any spells.
Your spell library contained the following spells:

 Spells                   Type           Power      Damage    Failure   Level
 Animate Skeleton         Necr           0%         N/A       78%         1
 Pain                     Necr           0%         1d4       78%         1
 Vampiric Draining        Necr           0%         2d6       98%         3
 Animate Dead             Necr           0%         N/A       100%        4
 Agony                    Necr           0%         N/A       100%        5


Dungeon Overview and Level Annotations

Branches:
Dungeon (5/15)
 Temple: D:4-7

Altars:
Ashenzari
Dithmenos
Elyvilon
Gozag
Hepliaklqana
Nemelex Xobeh
Yredelemnul

Annotations:
D:4 Pikel


Innate Abilities, Weirdness & Mutations

You are immune to sickness and miasma.
Your stone body is resilient. (AC +4)
You are immune to poison.
You resist negative energy. (rN+)
You are resistant to electric shocks. (rElec)
You are resistant to unholy torment.
You are immune to petrification.


Message History

Pikel is moderately wounded.
Pikel hits you with a +0 whip of freezing.
Pikel freezes you.
You closely miss Pikel.
Pikel is moderately wounded.
Pikel closely misses you.
You hit Pikel.
Pikel is heavily wounded.
Pikel hits you with a +0 whip of freezing.
Pikel freezes you.
You feel very mighty all of a sudden. Pikel closely misses you.
You closely miss Pikel.
Pikel is moderately wounded.
Pikel hits you with a +0 whip of freezing!
Pikel freezes you.
Your scale mail prevents you from hitting Pikel.
Pikel is moderately wounded.
Pikel barely misses you.
You thump Pikel!
Pikel is heavily wounded.
You hit Pikel but do no damage.
Pikel is heavily wounded.
Pikel completely misses you.
You closely miss Pikel.
Pikel is heavily wounded.
Pikel hits you but does no damage.
Your scale mail prevents you from hitting Pikel.
Pikel is heavily wounded.
Pikel hits you with a +0 whip of freezing.
* * * LOW HITPOINT WARNING * * *
Pikel freezes you.
* * * LOW HITPOINT WARNING * * *
You barely miss Pikel.
Pikel is heavily wounded.
Pikel says, "You'll make a fine lemure."
Pikel hits you with a +0 whip of freezing!
* * * LOW HITPOINT WARNING * * *
Pikel freezes you.
You die...

#[...........#####
#>................
#............##...
#............##...
#.########.####... #)#
#.# #... #5########.#
#... #K##.....#.####...
#@##.###.#........
#.##.#.....###....
#.##.#.#.#.# #....
#####.##.#.#.#.# #.#..
#.....##.#...#.###+#.#
###.######.............#
#...##................##
#.####.###..............
#.# #.# #............##


You could see Pikel (strong) and a lemure.

Vanquished Creatures
  Edmund (D:4)
  An ogre (D:4)
  A phantom (D:4)
  2 lemures (D:4)
  A hound (D:4)
  An iguana (D:4)
  An orc wizard (D:3)
  Terence (D:2)
  3 adders
  4 worms
  2 dart slugs
  14 orcs
  4 endoplasms
  2 giant cockroaches (D:1)
  A goblin (D:2)
  9 hobgoblins
  5 jackals
  2 quokkas (D:1)
  3 ball pythons
  5 bats
  3 frilled lizards
  6 kobolds
  8 rats
80 creatures vanquished.

Vanquished Creatures (others)
  An endoplasm (D:2)
  3 fungi (D:1)
  2 plants (D:1)
6 creatures vanquished.

Grand Total: 86 creatures vanquished

Notes
Turn   | Place    | Note
-------+----------+-------------------------------------------
     0 | D:1      | HoaS the Gargoyle Gladiator began the quest for the Orb.
     0 | D:1      | Reached XP level 1. HP: 12/12 MP: 1/1
   188 | D:1      | Reached XP level 2. HP: 8/17 MP: 2/2
   771 | D:1      | Found a faded altar of an unknown god.
   936 | D:1      | Reached skill level 4 in Staves
   999 | D:1      | Reached XP level 3. HP: 21/21 MP: 3/3
  1635 | D:2      | Reached XP level 4. HP: 26/26 MP: 4/4
  1708 | D:2      | Noticed Terence
  1711 | D:2      | Killed Terence
  1729 | D:2      | Reached skill level 5 in Staves
  2090 | D:3      | Reached XP level 5. HP: 26/30 MP: 5/5
  2332 | D:3      | Found a sparkling altar of Nemelex Xobeh.
  2619 | D:4      | Noticed Edmund
  2641 | D:4      | Killed Edmund
  2642 | D:4      | Reached skill level 6 in Staves
  2642 | D:4      | Reached XP level 6. HP: 24/35 MP: 6/6
  2931 | D:4      | Found a basalt altar of Yredelemnul.
  3140 | D:4      | Found a hazy altar of Hepliaklqana.
  3143 | D:4      | Found a shadowy altar of Dithmenos.
  3146 | D:4      | Found a broken altar of Ashenzari.
  3159 | D:4      | Found an opulent altar of Gozag.
  3349 | D:4      | Reached skill level 7 in Staves
  3416 | D:4      | Found a white marble altar of Elyvilon.
  3550 | D:5      | Entered Level 5 of the Dungeon
  3706 | D:5      | Noticed Pikel
  3718 | D:4      | Reached XP level 7. HP: 40/40 MP: 5/7
  3798 | D:4      | HP: 2/40 [Pikel/+0 whip of freezing (7)]
  3798 | D:4      | Slain by Pikel

Illustrated notes

Levels and vault maps discovered:
D:1:      lemuel_arrival_room, layout_loops_ring, shapermc_ecumenical_altar_gd,
          chequers_serial_rivers_small_3
D:2:      layout_loops_ring, lemuel_old_faithful, uniq_terence
D:3:      layout_rooms, general_overflow_altar
D:4:      layout_basic, kennysheep_ying_yang, grunt_temple_overflow_cloverleaf,
          solitary_fountain, uniq_edmund
D:5:      layout_rooms, serial_glass, glass_columns_a, glass_columns_a,
          st_stairs_1, uniq_pikel

Skill      XL: |  1  2  3  4  5  6 |
---------------+-------------------+-----
Staves         | 4 5 6 7 |  7.9
Fighting       | |  2.1
Throwing       | |  1.7
Dodging        | |  2.4

Action                   |  1- 3 |  4- 6 |  7- 9 || total
-------------------------+-------+-------+-------++-------
Melee: Quarterstaff      |   105 |   163 |    29 ||   297
Throw: Throwing net      |       |     2 |       ||     2
  Use: Scroll            |     9 |     3 |       ||    12
       Potion            |       |     1 |     1 ||     2
 Stab: Held in net/web   |       |     1 |       ||     1
Armor: Leather armour    |    24 |       |       ||    24
       Ring mail         |    23 |     1 |       ||    24
       Scale mail        |       |    79 |    13 ||    92
Dodge: Dodged            |    61 |    91 |    17 ||   169

Table legend: (Time is in decaauts)
 A = Elapsed time spent in this place.
 B = Non-inter-level travel time spent in this place.
 C = Inter-level travel time spent in this place.
 D = Time resting spent in this place.
 E = Time spent auto-exploring this place.
 F = Levels seen in this place.
 G = Mean time per level.
                   A        B        C        D        E       F      G
               +--------+--------+--------+--------+--------+-----+--------+
         Total |   3823 |   3686 |    137 |    846 |   2191 |   5 |  764.6 |
       Dungeon |   3823 |   3686 |    137 |    846 |   2191 |   5 |  764.6 |
               +--------+--------+--------+--------+--------+-----+--------+

Top non-repeatable levels by time:
     D:1: 1340 daAuts
     D:4: 1263 daAuts
     D:2: 623 daAuts
     D:3: 586 daAuts
     D:5: 10 daAuts
